 Dungeon Crawl Stone Soup version 0.31-a0-188-g5e087ee2ca (webtiles) character file.

Game seed: 1718204390985393746

1138 qw the Skirmisher (level 8, -1/44 HPs)
             Began as a Deep Elf Hunter on June 22, 2023.
             Killed by nerve-wracking pain
             ... invoked by an orc priest
              (13 damage)
             ... on level 5 of the Dungeon.
             The game lasted 00:01:10 (3619 turns).

qw the Skirmisher (Deep Elf Hunter)                 Turns: 3619, Time: 00:01:11

Health: -1/44      AC:  7    Str:  8    XL:     8   Next: 14%
Magic:  10/10      EV: 13    Int: 15    God:
Gold:   225        SH:  0    Dex: 18    Spells: 7/7 levels left

rFire   . . .        Y - +2 shortbow (elec)
rCold   . . .        (shield currently unavailable)
rNeg    . . .        b - +0 ring mail
rPois   .            (no helmet)
rElec   .            (no cloak)
rCorr   .            e - +1 pair of gloves
SInv    .            (no boots)
Will    .....        (no amulet)
Stlth   +            (no ring)
HPRegen 0.27/turn    (no ring)
MPRegen 0.12/turn

%: no passive effects
@: about to teleport
A: weak 1
a: no special abilities


You were on level 5 of the Dungeon.
You visited 1 branch of the dungeon, and saw 5 of its levels.

You collected 287 gold pieces.
You spent 62 gold pieces at shops.


Innate Abilities, Weirdness & Mutations

You are weak. (Str -2)


   Skills:
 - Level 2.1 Fighting
 + Level 10.9 Ranged Weapons
 - Level 1.6 Armour
 - Level 7.0 Dodging
 - Level 1.2 Stealth


You had 7 spell levels left.
You didn't know any spells.
Your spell library was empty.

Inventory:

Hand Weapons
 Y - a +2 shortbow of electrocution (weapon)
Armour
 b - a +0 ring mail (worn)
 e - a +1 pair of gloves (worn)
Scrolls
 d - 4 scrolls of teleportation
 f - a scroll of poison {unknown}
 i - a scroll of immolation {unknown}
 j - 2 scrolls of identify
 k - a scroll of torment {unknown}
Potions
 a - a potion of mutation
 c - a potion of degeneration {unknown}
 g - a potion of curing {unknown}
 h - a potion of heal wounds {unknown}

Dungeon Overview and Level Annotations

Branches:
Dungeon (5/15)
 Temple: D:4-7

Altars:
The Shining One

Shops:
D:1 ?   D:4 *


Message History

Found a stone staircase leading down.
Enter note: An orc comes into view. It is wielding a +0 dagger.
Enter note: You shoot an arrow.
The arrow hits the orc.
The orc shouts!
The orc is severely wounded.
You shoot an arrow.
The arrow hits the orc but does no damage.
The orc is severely wounded.
You shoot an arrow. The arrow closely misses the orc.
An ogre comes into view. It is wielding a +0 giant club.
You shoot an arrow. The arrow hits the ogre!
The ogre is moderately wounded.
You shoot an arrow. The arrow hits the ogre.
The ogre is moderately wounded.
You shoot an arrow. The arrow hits the ogre.
The ogre is heavily wounded.
An orc priest comes into view. It is wielding a +0 hand axe.
The ogre hits you with a +0 giant club!!
Ouch! That really hurt!
The orc priest shouts!
3616 ||| READING 5 scrolls of teleportation.
As you read the scroll of teleportation, it crumbles to dust.
You feel strangely unstable. The ogre misses you.
You shoot an arrow. The arrow hits the ogre!
Lightning courses through the ogre!
You kill the ogre!
The orc hits you but does no damage.
You shoot an arrow. The arrow hits the orc!
You kill the orc!
An orc warrior comes into view. It is wielding a +0 heavy hand axe.
The orc priest begins to cast a cantrip, but forgets the words!
You shoot an arrow. The orc warrior shouts!
The arrow hits the orc priest!
The orc priest is heavily wounded.
The orc priest calls down the wrath of Beogh upon you.
Pain shoots through your body!
You die...

##. ####.. ##o.
#.....#####.o...
........>)......
#...#...@#
.........#
######.####....#
#..............#
#.........>.#..#
.....^....##..#
#.#.###.......#
#.#.....####..#
####.#..#######<.#


You could see an orc warrior and an orc priest.

Vanquished Creatures
  Pikel (D:4)
  2 black bears (D:4)
  An ogre (D:5)
  A phantom (D:5)
  A lemure (D:4)
  A scorpion (D:4)
  A hound (D:3)
  An iguana (D:4)
  Natasha (thrice) (D:2)
  6 adders
  An ufetubus (D:5)
  A worm (D:3)
  A dart slug (D:3)
  An orc (D:5)
  8 ball pythons
  6 endoplasms
  4 giant cockroaches
  7 goblins
  5 hobgoblins
  5 kobolds
  3 quokkas (D:4)
  9 bats
  5 frilled lizards
  2 rats (D:2)
76 creatures vanquished.

Notes
Turn   | Place    | Note
-------+----------+-------------------------------------------
     0 | D:1      | qw the Deep Elf Hunter began the quest for the Orb.
     0 | D:1      | Reached XP level 1. HP: 12/12 MP: 3/3
     0 | D:1      | 0 ||| qw: Version: 0.3-a-9-g12657ce
     0 | D:1      | 0 ||| qw: Game counter: 2822
     0 | D:1      | 0 ||| qw: Always use a shield: true
     0 | D:1      | 0 ||| qw: God list: Okawaru
     0 | D:1      | 0 ||| qw: Allow faded altars: false
     0 | D:1      | 0 ||| qw: Do Orc after D:15 true
     0 | D:1      | 0 ||| qw: Do second Lair branch before Depths: true
     0 | D:1      | 0 ||| qw: Lair rune preference: random
     0 | D:1      | 0 ||| qw: Plans: Normal
     0 | D:1      | 0 ||| PLANNING D:1-11
   290 | D:1      | Reached skill level 6 in Ranged Weapons
   290 | D:1      | Reached XP level 2. HP: 15/16 MP: 4/4
   564 | D:1      | Found Urchutido's Magic Scroll Emporium.
   567 | D:1      | 567 ||| SHOPLISTING scroll of identify (24 gold, have 13).
   658 | D:1      | 658 ||| UPGRADING to +0 pair of gloves.
   663 | D:1      | 663 ||| READING scroll labelled EMUEDW WACS.
   664 | D:1      | 664 ||| READING scroll labelled ZAOKHL JALAEJE.
   665 | D:1      | 665 ||| READING 2 scrolls labelled TUVVEI XERELA.
   666 | D:1      | 666 ||| READING scroll labelled OSIPUMNIVOE.
   667 | D:1      | 667 ||| READING scroll labelled AGAITE QIECOXU.
   671 | D:1      | 671 ||| DROPPING scroll of butterflies.
   672 | D:1      | 672 ||| DROPPING scroll of fog.
   804 | D:2      | Noticed Natasha
   808 | D:2      | Killed Natasha
   809 | D:2      | Reached skill level 7 in Ranged Weapons
   809 | D:2      | Reached XP level 3. HP: 16/20 MP: 5/5
  1053 | D:2      | Noticed Natasha
  1059 | D:2      | Killed Natasha
  1060 | D:2      | Reached XP level 4. HP: 23/25 MP: 6/6
  1258 | D:2      | Found a faded altar of an unknown god.
  1741 | D:2      | Noticed Natasha
  1749 | D:2      | Killed Natasha
  1750 | D:2      | Reached skill level 8 in Ranged Weapons
  1873 | D:2      | 1873 ||| UPGRADING to +0 ring mail.
  1883 | D:2      | 1883 ||| DROPPING +0 leather armour.
  2074 | D:3      | Reached XP level 5. HP: 29/29 MP: 7/7
  2639 | D:3      | 2639 ||| READING scroll labelled DAT YHAHUITOQEU.
  2739 | D:4      | Reached skill level 9 in Ranged Weapons
  2975 | D:4      | Found Ypiugroo's CLEARANCE SALE!.
  2980 | D:4      | 2980 ||| BUYING scroll of brand weapon (47 gold).
  2980 | D:4      | Bought a scroll of brand weapon for 47 gold pieces
  2980 | D:4      | 2980 ||| BUYING scroll of teleportation (15 gold).
  2980 | D:4      | Bought a scroll of teleportation for 15 gold pieces
  2980 | D:4      | 2980 ||| READING scroll of brand weapon.
  2980 | D:4      | 2980 ||| BRANDING +1 shortbow.
  3013 | D:4      | Reached XP level 6. HP: 35/35 MP: 8/8
  3031 | D:4      | 3031 ||| READING scroll of enchant weapon.
  3031 | D:4      | 3031 ||| ENCHANTING +1 shortbow of electrocution.
  3059 | D:4      | Reached skill level 10 in Ranged Weapons
  3083 | D:4      | Noticed Pikel
  3096 | D:4      | Killed Pikel
  3097 | D:4      | Reached XP level 7. HP: 15/40 MP: 9/9
  3293 | D:4      | Found a glowing golden altar of the Shining One.
  3434 | D:4      | 3434 ||| UPGRADING to +1 pair of gloves.
  3444 | D:4      | 3444 ||| DROPPING +0 pair of gloves.
  3445 | D:4      | 3445 ||| READING scroll labelled SIHUIL INOALYLL.
  3446 | D:4      | 3446 ||| DRINKING 2 emerald potions.
  3446 | D:4      | Gained mutation: You are weak. (Str -2) [potion of
                  | mutation]
  3465 | D:5      | Entered Level 5 of the Dungeon
  3471 | D:5      | 3471 ||| STAIRDANCE
  3477 | D:4      | Reached skill level 1 in Armour
  3559 | D:5      | Reached XP level 8. HP: 44/44 MP: 10/10
  3615 | D:5      | HP: 11/44 [ogre/+0 giant club (33)]
  3616 | D:5      | 3616 ||| READING 5 scrolls of teleportation.
  3619 | D:5      | Killed from afar by an orc priest

Levels and vault maps discovered:
D:1:      nzn_arrival_crosshair, layout_basic, serial_shops,
          nicolae_shop_pleasant_corner_grove
D:2:      layout_basic, ebering_ecumenical_altar_rust, uniq_natasha
D:3:      layout_loops_cross, nrook_loot_triangle
D:4:      layout_gridville, mainiacjoe_overflow_cross_hatched,
          nicolae_shop_clearance, uniq_pikel
D:5:      layout_rooms, minmay_temple_entry_fiery, minmay_manual_mares

Skill      XL: |  1  2  3  4  5  6  7 |
---------------+----------------------+-----
Ranged Weapons | 6 7 8 9 10 | 10.9
Fighting       | 2 |  2.1
Dodging        | 7 |  7.0
Armour         | 1 |  1.6
Stealth        | |  1.2

Action                     |  1- 3 |  4- 6 |  7- 9 || total
---------------------------+-------+-------+-------++-------
   Fire: Shortbow          |    65 |   151 |    36 ||   252
    Use: Scroll            |     5 |     3 |     2 ||    10
         Potion            |       |       |     1 ||     1
 Armour: Leather armour    |     3 |     1 |       ||     4
         Ring mail         |       |    28 |    17 ||    45
  Dodge: Dodged            |     6 |    35 |    11 ||    52

Table legend:
 A = Non-vault XP
 B = Vault XP
 C = Vault XP percentage of total XP
 D = Non-vault monster count
 E = Vault monster count
 F = Vault count percentage of total count
                 A         B        C        D         E       F
            +---------+---------+-------+---------+---------+-------
      Total |     917 |     709 |  43.6 |      73 |       2 |   2.7
            +---------+---------+-------+---------+---------+-------
        D:1 |      24 |       0 |   0.0 |      15 |       0 |   0.0
        D:2 |     114 |      36 |  24.0 |      17 |       1 |   5.6
        D:3 |      91 |       0 |   0.0 |      20 |       0 |   0.0
        D:4 |     411 |     673 |  62.1 |      15 |       1 |   6.2
        D:5 |     277 |       0 |   0.0 |       6 |       0 |   0.0
            +---------+---------+-------+---------+---------+-------
